Icehogs vs Heat

Created - March 3, 2024 at 22:46

Goals
1 2 3 T
Icehogs 1 1 1 3
Heat 3 0 2 5
Shots
1 2 3 T
Icehogs 12 11 8 31
Heat 13 16 12 41

1st period

1. Icehogs , Hudson Fasching 41 (Patrick Sieloff 17) at 3:20
2. Heat , Evgeny Svechnikov 32 (Jesper Bratt 32, Rasmus Andersson 48) at 3:58 (PP)
3. Heat , Nico Sturm 24 (Evgeny Svechnikov 37, Peter Cehlarik 29) at 7:30
4. Heat , Rasmus Andersson 11 (Taylor Raddysh 9) at 11:10

Penalties :
Ross Johnston (Roc) for Slashing (Minor) at 3:35, J.T. Brown (Roc) for Hooking (Minor) at 8:32, Nico Sturm (Sto) for Delaying the game (Minor) at 15:52, Mikhail Grigorenko (Roc) for Interference (Minor) at 18:54

2nd period

5. Icehogs , Kurtis Gabriel 18 (Maxim Letunov 10) at 12:15

Penalties :
Jesper Bratt (Sto) for Tripping (Minor) at 2:12, Maxim Letunov (Roc) for High sticking (Minor) at 4:21

3rd period

6. Heat , Evgeny Svechnikov 33 (Peter Cehlarik 30, Rasmus Andersson 49) at 1:53
7. Icehogs , Andrew Poturalski 8 (Mikhail Grigorenko 45) at 10:05 (PP)
8. Heat , Evgeny Svechnikov 34 (Erik Brannstrom 36, Rasmus Andersson 50) at 17:26 (PP)

Penalties :
Ryan Spooner (Sto) for Tripping (Minor) at 10:02, Patrick Sieloff (Roc) for Holding (Minor) at 17:08, Ross Johnston (Roc) for Hooking (Minor) at 19:20

Goalie Stats

Mackenzie Blackwood (Roc), 36 saves from 41 shots - (0.878), L, 26-17-1, 60:00 minutes
Michael Hutchinson (Sto), 28 saves from 31 shots - (0.903), W, 25-19-4, 60:00 minutes

Players Stats for Icehogs

Player Name              G  A  P  +/- PIM S  H  SB GA TA FO     MP     PP MP  PK MP  
------------------------------------------------------------------------------------
Adam Boqvist             0  0  0   0  0   0  0  0  0  1  0/0    10:47   0:00   0:06 
Andrew Poturalski        1  0  1   1  0   5  3  1  0  0  22/40  22:49   1:45   4:48 
Calle Andersson          0  0  0   1  0   3  1  0  0  1  0/0    20:51   1:14   2:27 
Clark Bishop             0  0  0   0  0   0  1  0  0  0  2/5     6:52   0:00   0:30 
Duncan Siemens           0  0  0   1  0   0  1  3  0  0  0/0    20:51   1:14   2:27 
Gabriel Fortier          0  0  0   0  0   0  0  0  0  0  0/0     6:36   0:00   0:22 
Hudson Fasching          1  0  1   1  0   6  2  0  2  0  0/1    17:34   1:45   0:00 
J.T. Brown               0  0  0  -2  2   4  1  1  1  1  0/2    18:16   2:16   0:00 
Jackson Cates            0  0  0   0  0   0  0  0  0  0  0/0     0:00   0:00   0:00 
Jeremy Davies            0  0  0   0  0   1  0  0  0  0  0/0    11:05   0:00   0:24 
JJ. Piccinich            0  0  0   0  0   0  0  0  0  0  0/0     0:00   0:00   0:00 
Julius Honka             0  0  0  -3  0   0  1  1  0  2  0/0    26:30   2:47   4:44 
Kristian Reichel         0  0  0   0  0   0  0  0  0  0  0/0     0:00   0:00   0:00 
Kurtis Gabriel           1  0  1   0  0   3  1  1  0  0  0/0    10:14   0:00   0:00 
Maxim Letunov            0  1  1   0  2   0  1  0  0  0  3/9    10:21   0:00   0:00 
Michael Rasmussen        0  0  0  -2  0   0  0  0  0  0  7/16   20:05   2:16   1:59 
Mikhail Grigorenko       0  1  1   1  2   2  1  1  1  2  2/4    21:42   1:45   3:26 
Mitchell Chaffee         0  0  0   0  0   0  0  0  0  0  0/0     0:00   0:00   0:00 
Nick Paul                0  0  0  -2  0   3  1  1  0  0  2/2    20:13   2:16   2:23 
Nikita Scherbak          0  0  0   0  0   2  0  0  0  0  0/0     6:14   0:00   0:00 
Patrick Russell          0  0  0   0  0   0  0  0  0  0  0/0     0:00   0:00   0:00 
Patrick Sieloff          0  1  1  -2  2   2  1  2  0  3  0/0    28:03   2:47   4:26 
Ross Johnston            0  0  0   0  4   0  0  0  0  0  0/0    11:42   0:00   1:06 
Thomas DiPauli           0  0  0   0  0   0  0  0  0  0  0/0     0:00   0:00   0:00 
Zach Whitecloud          0  0  0   1  0   0  1  0  0  0  0/0     1:52   0:00   0:00 

Players Stats for Heat

Player Name              G  A  P  +/- PIM S  H  SB GA TA FO     MP     PP MP  PK MP  
------------------------------------------------------------------------------------
Barclay Goodrow          0  0  0  -2  0   2  4  1  0  0  0/0    19:13   2:59   2:41 
Brandon Hickey           0  0  0   0  0   1  0  0  0  0  0/0    14:19   0:00   1:33 
Christian Jaros          0  0  0   0  0   1  0  0  0  0  0/0    12:34   0:00   1:33 
Eric Karlsson            0  0  0   1  0   3  1  0  1  0  0/0    11:09   0:00   0:52 
Erik Brannstrom          0  1  1   0  0   4  1  0  0  1  0/0    21:18   4:46   0:00 
Evgeny Svechnikov        3  1  4   2  0   9  2  1  1  0  2/4    22:09   4:18   0:00 
Frank Corrado            0  0  0   0  0   0  1  0  0  1  0/0    19:01   2:31   0:00 
Jesper Bratt             0  1  1  -2  2   2  0  0  0  0  1/1    18:46   4:18   0:28 
Nico Sturm               1  0  1   2  2   2  0  1  0  0  19/44  23:14   4:18   0:42 
Peter Cehlarik           0  2  2   2  0   3  2  0  1  1  3/6    20:36   0:00   2:41 
Petteri Lindbohm         0  0  0   1  0   1  1  3  0  1  0/0    26:08   2:31   2:28 
Rasmus Andersson         1  3  4   1  0   6  1  0  4  0  0/0    26:40   4:46   2:28 
Ryan Donato              0  0  0   1  0   0  1  1  0  0  6/7    14:00   2:59   0:38 
Ryan Spooner             0  0  0  -2  2   3  1  0  3  0  8/15   16:31   2:59   0:00 
Tage Thompson            0  0  0   0  0   1  0  0  0  0  0/0     6:42   0:00   0:00 
Taylor Raddysh           0  1  1   1  0   1  0  1  0  0  0/0    10:12   0:00   0:00 
Vitali Kravtsov          0  0  0   0  0   0  0  0  0  0  0/0     6:42   0:00   0:00 
Vladislav Kamenev        0  0  0   0  0   2  3  0  0  0  2/2     6:42   0:00   0:00 

3 Stars

1 - Evgeny Svechnikov (Sto)
2 - Rasmus Andersson (Sto)
3 - Peter Cehlarik (Sto)

Power Play

Icehogs - 1 on 3 Attempt(s) - 33.33%
Heat - 2 on 6 Attempt(s) - 33.33%

Penalty Kill

Icehogs - 4 on 6 Attempt(s) - 66.67% - Score 0 goal in Penalty Kill
Heat - 2 on 3 Attempt(s) - 66.67% - Score 0 goal in Penalty Kill

Team Stat

Icehogs - Hits : 16 - Faceoff Wins : 38 - Blocked Shots : 11 - Penalty Minutes : 12
Heat - Hits : 18 - Faceoff Wins : 41 - Blocked Shots : 8 - Penalty Minutes : 6

Official

Referees : Brad Meier and Dan O'Rourke
Linesman : Andrew Smith and Pierre Racicot

Game Notes

Evgeny Svechnikov has scored a Hat Trick!

Finance

Level 1 -- Attendance: 1863 (93.15%) -- Ticket Income $130,410
Level 2 -- Attendance: 967 (96.70%) -- Ticket Income $38,680
Total Attendance: 2830 (94.33%)
Total Ticket Income: $169,090
Other Income: $8,454
Total Income: $177,544

Icehogs

5 vs 5 Forward 
   Center                   Left Wing                Right Wing               Time % Phy DF OF 
 1 Andrew Poturalski        Mikhail Grigorenko       Hudson Fasching          40     1   2  2  
 2 Michael Rasmussen        Nick Paul                J.T. Brown               30     1   2  2  
 3 Maxim Letunov            Ross Johnston            Kurtis Gabriel           20     1   2  2  
 4 Clark Bishop             Gabriel Fortier          Nikita Scherbak          10     1   2  2  

5 vs 5 Defense 
   Defense                  Defense                                           Time % Phy DF OF 
 1 Patrick Sieloff          Julius Honka                                      40     1   2  2  
 2 Duncan Siemens           Calle Andersson                                   30     1   2  2  
 3 Jeremy Davies            Adam Boqvist                                      20     1   2  2  
 4 Zach Whitecloud          Patrick Sieloff                                   10     1   2  2  

PowerPlay Forward 
   Center                   Left Wing                Right Wing               Time % Phy DF OF 
 1 Andrew Poturalski        Mikhail Grigorenko       Hudson Fasching          60     1   2  2  
 2 Michael Rasmussen        Nick Paul                J.T. Brown               40     1   2  2  

PowerPlay Defense
   Defense                  Defense                                           Time % Phy DF OF 
 1 Patrick Sieloff          Julius Honka                                      60     1   2  2  
 2 Duncan Siemens           Calle Andersson                                   40     1   2  2  

Penalty Kill 4 Players Forward 
   Center                   Wing                     Time % Phy DF OF 
 1 Andrew Poturalski        Mikhail Grigorenko       60     1   2  2  
 2 Michael Rasmussen        Nick Paul                40     1   2  2  

Penalty Kill 4 Players Defense
   Defense                  Defense                  Time % Phy DF OF 
 1 Patrick Sieloff          Julius Honka             60     1   2  2  
 2 Duncan Siemens           Calle Andersson          40     1   2  2  

Penalty Kill - 3 Players Forward 
   Forward                                           Time % Phy DF OF 
 1 Andrew Poturalski                                 60     1   2  2  
 2 Michael Rasmussen                                 40     1   2  2  

Penalty Kill - 3 Players Defense
   Defense                  Defense                  Time % Phy DF OF 
 1 Patrick Sieloff          Julius Honka             60     1   2  2  
 2 Duncan Siemens           Calle Andersson          40     1   2  2  

4 vs 4 Forward 
   Center                   Wing                     Time % Phy DF OF 
 1 Andrew Poturalski        Mikhail Grigorenko       60     1   2  2  
 2 Michael Rasmussen        Nick Paul                40     1   2  2  

4 vs 4 Defense
   Defense                  Defense                  Time % Phy DF OF 
 1 Patrick Sieloff          Julius Honka             60     1   2  2  
 2 Duncan Siemens           Calle Andersson          40     1   2  2  

Last Minutes Offensive
   Center                   Left Wing                Right Wing               Defense                  Defense                  
   Andrew Poturalski        Mikhail Grigorenko       Hudson Fasching          Patrick Sieloff          Julius Honka             

Last Minutes Defensive
   Center                   Left Wing                Right Wing               Defense                  Defense                  
   Andrew Poturalski        Mikhail Grigorenko       Hudson Fasching          Patrick Sieloff          Julius Honka             

Goaltenders
Starting : Mackenzie Blackwood      
Backup : Oscar Dansk              

Extra Forwards
Normal : Nick Paul, Nikita Scherbak, Andrew Poturalski - PP : Nick Paul, Nikita Scherbak - PK : Nick Paul
Extra Defensemen
Normal : Jeremy Davies, Adam Boqvist, Zach Whitecloud - PP : Jeremy Davies - PK : Jeremy Davies, Adam Boqvist
Penalty Shots
Hudson Fasching, J.T. Brown, Mikhail Grigorenko, Kurtis Gabriel, Nick Paul
Custom OT Lines Forwards
Hudson Fasching, J.T. Brown, Mikhail Grigorenko, Kurtis Gabriel, Nick Paul, Nikita Scherbak, Andrew Poturalski, Michael Rasmussen, Patrick Russell, Maxim Letunov
Custom OT Lines Defensemen
Patrick Sieloff, Julius Honka, Duncan Siemens, Calle Andersson, Jeremy Davies

Scratches
Declan Chisholm (Healthy), Dillon Dube (Healthy), Petr Kvaca (Healthy)

Heat

5 vs 5 Forward 
   Center                   Left Wing                Right Wing               Time % Phy DF OF 
 1 Nico Sturm               Peter Cehlarik           Evgeny Svechnikov        40     1   2  2  
 2 Ryan Spooner             Jesper Bratt             Barclay Goodrow          30     1   2  2  
 3 Ryan Donato              Eric Karlsson            Taylor Raddysh           20     1   2  2  
 4 Vladislav Kamenev        Vitali Kravtsov          Tage Thompson            10     1   2  2  

5 vs 5 Defense 
   Defense                  Defense                                           Time % Phy DF OF 
 1 Petteri Lindbohm         Rasmus Andersson                                  40     1   2  2  
 2 Erik Brannstrom          Frank Corrado                                     30     1   2  2  
 3 Christian Jaros          Brandon Hickey                                    20     1   2  2  
 4 Petteri Lindbohm         Brandon Hickey                                    10     1   2  2  

PowerPlay Forward 
   Center                   Left Wing                Right Wing               Time % Phy DF OF 
 1 Nico Sturm               Jesper Bratt             Evgeny Svechnikov        60     1   2  2  
 2 Ryan Spooner             Ryan Donato              Barclay Goodrow          40     1   2  2  

PowerPlay Defense
   Defense                  Defense                                           Time % Phy DF OF 
 1 Erik Brannstrom          Rasmus Andersson                                  60     1   2  2  
 2 Petteri Lindbohm         Frank Corrado                                     40     1   2  2  

Penalty Kill 4 Players Forward 
   Center                   Wing                     Time % Phy DF OF 
 1 Peter Cehlarik           Barclay Goodrow          60     1   2  2  
 2 Nico Sturm               Jesper Bratt             40     1   2  2  

Penalty Kill 4 Players Defense
   Defense                  Defense                  Time % Phy DF OF 
 1 Petteri Lindbohm         Rasmus Andersson         60     1   2  2  
 2 Christian Jaros          Brandon Hickey           40     1   2  2  

Penalty Kill - 3 Players Forward 
   Forward                                           Time % Phy DF OF 
 1 Ryan Spooner                                      60     1   2  2  
 2 Barclay Goodrow                                   40     1   2  2  

Penalty Kill - 3 Players Defense
   Defense                  Defense                  Time % Phy DF OF 
 1 Petteri Lindbohm         Rasmus Andersson         60     1   2  2  
 2 Christian Jaros          Brandon Hickey           40     1   2  2  

4 vs 4 Forward 
   Center                   Wing                     Time % Phy DF OF 
 1 Nico Sturm               Jesper Bratt             60     1   2  2  
 2 Ryan Spooner             Evgeny Svechnikov        40     1   2  2  

4 vs 4 Defense
   Defense                  Defense                  Time % Phy DF OF 
 1 Petteri Lindbohm         Rasmus Andersson         60     1   2  2  
 2 Erik Brannstrom          Frank Corrado            40     1   2  2  

Last Minutes Offensive
   Center                   Left Wing                Right Wing               Defense                  Defense                  
   Nico Sturm               Jesper Bratt             Evgeny Svechnikov        Erik Brannstrom          Rasmus Andersson         

Last Minutes Defensive
   Center                   Left Wing                Right Wing               Defense                  Defense                  
   Nico Sturm               Peter Cehlarik           Barclay Goodrow          Petteri Lindbohm         Rasmus Andersson         

Goaltenders
Starting : Michael Hutchinson       
Backup : Joel Hofer               

Extra Forwards
Normal : Jesper Bratt, Peter Cehlarik, Barclay Goodrow - PP : Peter Cehlarik, Eric Karlsson - PK : Peter Cehlarik
Extra Defensemen
Normal : Petteri Lindbohm, Brandon Hickey, Christian Jaros - PP : Frank Corrado - PK : Brandon Hickey, Christian Jaros
Penalty Shots
Jesper Bratt, Evgeny Svechnikov, Peter Cehlarik, Vitali Kravtsov, Ryan Spooner
Custom OT Lines Forwards
Peter Cehlarik, Evgeny Svechnikov, Nico Sturm, Jesper Bratt, Ryan Spooner, Eric Karlsson, Ryan Donato, Taylor Raddysh, Barclay Goodrow, Vitali Kravtsov
Custom OT Lines Defensemen
Rasmus Andersson, Erik Brannstrom, Petteri Lindbohm, Frank Corrado, Brandon Hickey

Scratches
Filip Hallander (Healthy), Dominik Masin (Healthy), Skyler Brind'Amour (Healthy), John Gilmour (Healthy), Darren Raddysh (Healthy)
Tim Berni (Healthy), Ivan Chekhovich (Healthy), Trevor Carrick (Healthy), Radim Zohorna (Healthy), Demetrios Koumontzis (Healthy)
Vitek Vanecek (Healthy), Collin Delia (Healthy)

% Time on Ice - Icehogs

Lines # - Real PCT - Wanted PCT - Time Play
Normal Forward
1 - 34% - 40% - 16:40
2 - 32% - 30% - 15:34
3 - 21% - 20% - 10:14
4 - 13% - 10% - 6:14
Normal Defense
1 - 39% - 40% - 19:07
2 - 35% - 30% - 17:10
3 - 22% - 20% - 10:33
4 - 4% - 10% - 1:52
PP Forward
1 - 44% - 60% - 1:45
2 - 56% - 40% - 2:16
PP Defense
1 - 69% - 60% - 2:47
2 - 31% - 40% - 1:14
PK Forward
1 - 76% - 60% - 5:33
2 - 24% - 40% - 1:44
PK Defense
1 - 66% - 60% - 4:50
2 - 34% - 40% - 2:27
PK3 Forward
1 - 0% - 60%
2 - 0% - 40%
PK3 Defense
1 - 0% - 60%
2 - 0% - 40%
44 Forward
1 - 0% - 60%
2 - 0% - 40%
44 Defense
1 - 0% - 60%
2 - 0% - 40%
Last Minute Offensive  - 0:00
Last Minute Defensive  - 0:00
Total
Forward - 60:00
Defense - 60:00

% Time on Ice - Heat

Lines # - Real PCT - Wanted PCT - Time Play
Normal Forward
1 - 37% - 40% - 17:51
2 - 29% - 30% - 13:57
3 - 21% - 20% - 10:12
4 - 14% - 10% - 6:42
Normal Defense
1 - 40% - 40% - 19:26
2 - 35% - 30% - 16:49
3 - 22% - 20% - 10:42
4 - 4% - 10% - 1:45
PP Forward
1 - 59% - 60% - 4:18
2 - 41% - 40% - 2:59
PP Defense
1 - 65% - 60% - 4:46
2 - 35% - 40% - 2:31
PK Forward
1 - 71% - 60% - 2:51
2 - 29% - 40% - 1:10
PK Defense
1 - 61% - 60% - 2:28
2 - 39% - 40% - 1:33
PK3 Forward
1 - 0% - 60%
2 - 0% - 40%
PK3 Defense
1 - 0% - 60%
2 - 0% - 40%
44 Forward
1 - 0% - 60%
2 - 0% - 40%
44 Defense
1 - 0% - 60%
2 - 0% - 40%
Last Minute Offensive  - 0:00
Last Minute Defensive  - 0:00
Total
Forward - 60:00
Defense - 60:00

Play-by-Play

1st period


0:01 of 1st period - Andrew Poturalski wins face-off versus Nico Sturm in neutral zone.
1:16 of 1st period - Kurtis Gabriel is hit by Vladislav Kamenev and loses puck.
1:29 of 1st period - Snap shot by Peter Cehlarik.
1:29 of 1st period - Deflect By Evgeny Svechnikov.
1:29 of 1st period - Shot Misses the Net.
1:29 of 1st period - Puck is out of play.
1:30 of 1st period - Clark Bishop wins face-off versus Nico Sturm in Icehogs zone.
2:04 of 1st period - Slapshot by J.T. Brown.
2:04 of 1st period - Shot Misses the Net.
2:43 of 1st period - Wrist shot by Hudson Fasching.
2:43 of 1st period - Stopped by Michael Hutchinson without a rebound.
2:44 of 1st period - Michael Rasmussen wins face-off versus Nico Sturm in Heat zone.
2:55 of 1st period - Wrist shot by Peter Cehlarik.
2:55 of 1st period - Shot Misses the Net.
3:11 of 1st period - Rasmus Andersson is hit by Zach Whitecloud and loses puck.
3:20 of 1st period - Snap shot by Hudson Fasching.
3:20 of 1st period - Goal by Hudson Fasching - Icehogs : 1 - Heat : 0.
3:21 of 1st period - Andrew Poturalski wins face-off versus Nico Sturm in neutral zone.
3:32 of 1st period - Icing by Evgeny Svechnikov.
3:33 of 1st period - Maxim Letunov wins face-off versus Nico Sturm in Heat zone.
3:35 of 1st period - Minor Penalty to Ross Johnston for Slashing.
3:36 of 1st period - Andrew Poturalski wins face-off versus Nico Sturm in Icehogs zone.
3:44 of 1st period - Wrist shot by Andrew Poturalski.
3:44 of 1st period - Stopped by Michael Hutchinson without a rebound.
3:45 of 1st period - Andrew Poturalski wins face-off versus Nico Sturm in Heat zone.
3:46 of 1st period - Backhand shot by Mikhail Grigorenko.
3:46 of 1st period - Deflect By Andrew Poturalski.
3:46 of 1st period - Stopped by Michael Hutchinson with a rebound.
3:58 of 1st period - Wrist shot by Evgeny Svechnikov.
3:58 of 1st period - Goal by Evgeny Svechnikov - Icehogs : 1 - Heat : 1.
3:59 of 1st period - Ryan Spooner wins face-off versus Mikhail Grigorenko in neutral zone.
4:03 of 1st period - Icing by Mikhail Grigorenko.
4:04 of 1st period - Ryan Spooner wins face-off versus Andrew Poturalski in Icehogs zone.
4:39 of 1st period - Snap shot by Peter Cehlarik.
4:39 of 1st period - Shot Misses the Net.
5:15 of 1st period - Snap shot by Rasmus Andersson.
5:15 of 1st period - Stopped by Mackenzie Blackwood with a rebound.
5:17 of 1st period - Slapshot by Petteri Lindbohm.
5:17 of 1st period - Deflect By Calle Andersson.
5:17 of 1st period - Stopped by Mackenzie Blackwood without a rebound.
5:18 of 1st period - Clark Bishop wins face-off versus Nico Sturm in Icehogs zone.
5:45 of 1st period - Ryan Spooner is hit by Hudson Fasching and loses puck.
6:02 of 1st period - Hudson Fasching is hit by Barclay Goodrow and loses puck.
6:23 of 1st period - Snap shot by Barclay Goodrow.
6:23 of 1st period - Stopped by Mackenzie Blackwood without a rebound.
6:24 of 1st period - Nico Sturm wins face-off versus Michael Rasmussen in Icehogs zone.
6:56 of 1st period - Snap shot by Ryan Donato.
6:56 of 1st period - Shot Misses the Net.
6:58 of 1st period - Slapshot by Christian Jaros.
6:58 of 1st period - Deflect By Julius Honka.
6:58 of 1st period - Stopped by Mackenzie Blackwood without a rebound.
6:59 of 1st period - Nico Sturm wins face-off versus Andrew Poturalski in Icehogs zone.
7:00 of 1st period - Wrist shot by Evgeny Svechnikov.
7:00 of 1st period - Stopped by Mackenzie Blackwood without a rebound.
7:01 of 1st period - Nico Sturm wins face-off versus Andrew Poturalski in Icehogs zone.
7:10 of 1st period - Wrist shot by Peter Cehlarik.
7:10 of 1st period - Stopped by Mackenzie Blackwood without a rebound.
7:11 of 1st period - Nico Sturm wins face-off versus Michael Rasmussen in Icehogs zone.
7:16 of 1st period - Snap shot by Evgeny Svechnikov.
7:16 of 1st period - Deflect By J.T. Brown.
7:16 of 1st period - Stopped by Mackenzie Blackwood without a rebound.
7:17 of 1st period - Nico Sturm wins face-off versus Michael Rasmussen in Icehogs zone.
7:28 of 1st period - Slapshot by Evgeny Svechnikov.
7:28 of 1st period - Shot Misses the Net.
7:30 of 1st period - Snap shot by Nico Sturm.
7:30 of 1st period - Goal by Nico Sturm - Icehogs : 1 - Heat : 2.
7:31 of 1st period - Andrew Poturalski wins face-off versus Ryan Donato in neutral zone.
8:06 of 1st period - Slapshot by Kurtis Gabriel.
8:06 of 1st period - Stopped by Michael Hutchinson with a rebound.
8:26 of 1st period - Slapshot by Jesper Bratt.
8:26 of 1st period - Shot Misses the Net.
8:32 of 1st period - Minor Penalty to J.T. Brown for Hooking.
8:33 of 1st period - Nico Sturm wins face-off versus Andrew Poturalski in Icehogs zone.
8:43 of 1st period - Snap shot by Rasmus Andersson.
8:43 of 1st period - Stopped by Mackenzie Blackwood without a rebound.
8:44 of 1st period - Jesper Bratt wins face-off versus Andrew Poturalski in Icehogs zone.
9:16 of 1st period - Off-side.
9:17 of 1st period - Michael Rasmussen wins face-off versus Ryan Spooner in neutral zone.
9:30 of 1st period - Slapshot by Petteri Lindbohm.
9:30 of 1st period - Deflect By Ryan Donato.
9:30 of 1st period - Shot Misses the Net.
9:30 of 1st period - Puck is out of play.
9:31 of 1st period - Andrew Poturalski wins face-off versus Nico Sturm in Icehogs zone.
9:58 of 1st period - Andrew Poturalski is hit by Barclay Goodrow and loses puck.
10:23 of 1st period - Calle Andersson is hit by Ryan Donato and loses puck.
10:32 of 1st period - Penalty to J.T. Brown is over, J.T. Brown is back on ice.
10:34 of 1st period - Mikhail Grigorenko is hit by Frank Corrado.
10:58 of 1st period - Snap shot by Vladislav Kamenev.
10:58 of 1st period - Stopped by Mackenzie Blackwood without a rebound.
10:59 of 1st period - Ryan Donato wins face-off versus Maxim Letunov in Icehogs zone.
11:10 of 1st period - Snap shot by Rasmus Andersson.
11:10 of 1st period - Goal by Rasmus Andersson - Icehogs : 1 - Heat : 3.
11:11 of 1st period - Michael Rasmussen wins face-off versus Nico Sturm in neutral zone.
11:20 of 1st period - Wrist shot by Nick Paul.
11:20 of 1st period - Deflect By J.T. Brown.
11:20 of 1st period - Deflect By Evgeny Svechnikov.
11:20 of 1st period - Shot Misses the Net.
11:20 of 1st period - Puck is out of play.
11:21 of 1st period - Nick Paul wins face-off versus Nico Sturm in Heat zone.
11:24 of 1st period - Snap shot by Nick Paul.
11:24 of 1st period - Deflect By Michael Rasmussen.
11:24 of 1st period - Shot Blocked by Petteri Lindbohm.
11:24 of 1st period - Puck is out of play.
11:25 of 1st period - Ryan Spooner wins face-off versus Andrew Poturalski in Heat zone.
11:25 of 1st period - Ryan Spooner is hit by Julius Honka.
12:00 of 1st period - Snap shot by Nick Paul.
12:00 of 1st period - Stopped by Michael Hutchinson with a rebound.
13:31 of 1st period - Jeremy Davies is hit by Evgeny Svechnikov and loses puck.
13:40 of 1st period - Slapshot by Peter Cehlarik.
13:40 of 1st period - Stopped by Mackenzie Blackwood with a rebound.
13:56 of 1st period - Snap shot by Nick Paul.
13:56 of 1st period - Shot Misses the Net.
14:00 of 1st period - Wrist shot by Nick Paul.
14:00 of 1st period - Shot Misses the Net.
14:02 of 1st period - Snap shot by J.T. Brown.
14:02 of 1st period - Deflect By Nick Paul.
14:02 of 1st period - Shot Misses the Net.
14:02 of 1st period - Puck is out of play.
14:03 of 1st period - Andrew Poturalski wins face-off versus Ryan Spooner in Heat zone.
14:56 of 1st period - Slapshot by Nikita Scherbak.
14:56 of 1st period - Stopped by Michael Hutchinson with a rebound.
14:58 of 1st period - Slapshot by Julius Honka.
14:58 of 1st period - Deflect By Nikita Scherbak.
14:58 of 1st period - Shot Misses the Net.
14:58 of 1st period - Puck is out of play.
14:59 of 1st period - Andrew Poturalski wins face-off versus Nico Sturm in Heat zone.
15:02 of 1st period - Wrist shot by Andrew Poturalski.
15:02 of 1st period - Stopped by Michael Hutchinson without a rebound.
15:03 of 1st period - Nico Sturm wins face-off versus Mikhail Grigorenko in Heat zone.
15:29 of 1st period - Off-side.
15:30 of 1st period - Ryan Spooner wins face-off versus Maxim Letunov in neutral zone.
15:39 of 1st period - Slapshot by Patrick Sieloff.
15:39 of 1st period - Stopped by Michael Hutchinson with a rebound.
15:45 of 1st period - Slapshot by Patrick Sieloff.
15:45 of 1st period - Stopped by Michael Hutchinson without a rebound.
15:46 of 1st period - Andrew Poturalski wins face-off versus Nico Sturm in Heat zone.
15:52 of 1st period - Minor Penalty to Nico Sturm for Delaying the game.
15:53 of 1st period - Peter Cehlarik wins face-off versus Andrew Poturalski in Heat zone.
16:11 of 1st period - Peter Cehlarik is hit by Patrick Sieloff and loses puck.
16:28 of 1st period - Snap shot by Nick Paul.
16:28 of 1st period - Stopped by Michael Hutchinson without a rebound.
16:29 of 1st period - Ryan Donato wins face-off versus Michael Rasmussen in Heat zone.
16:54 of 1st period - Ryan Donato is hit by J.T. Brown and loses puck.
17:52 of 1st period - Penalty to Nico Sturm is over, Nico Sturm is back on ice.
18:10 of 1st period - Icing by Patrick Sieloff.
18:11 of 1st period - Vladislav Kamenev wins face-off versus Michael Rasmussen in Icehogs zone.
18:46 of 1st period - Snap shot by Nick Paul.
18:46 of 1st period - Stopped by Michael Hutchinson without a rebound.
18:47 of 1st period - Nico Sturm wins face-off versus Andrew Poturalski in Heat zone.
18:47 of 1st period - Nico Sturm is hit by Hudson Fasching.
18:54 of 1st period - Minor Penalty to Mikhail Grigorenko for Interference.
18:55 of 1st period - Andrew Poturalski wins face-off versus Nico Sturm in Icehogs zone.
19:03 of 1st period - Erik Brannstrom is hit by Andrew Poturalski and loses puck.
19:55 of 1st period - Slapshot by Julius Honka.
19:55 of 1st period - Shot Misses the Net.
Goals for this period are 1 for Icehogs vs 3 for Heat.
Shots for this period are 12 for Icehogs vs 13 for Heat.

2nd period


0:01 of 2nd period - Andrew Poturalski wins face-off versus Nico Sturm in neutral zone.
0:04 of 2nd period - Rasmus Andersson is hit by Andrew Poturalski and loses puck.
0:54 of 2nd period - Penalty to Mikhail Grigorenko is over, Mikhail Grigorenko is back on ice.
1:09 of 2nd period - Wrist shot by Vladislav Kamenev.
1:09 of 2nd period - Stopped by Mackenzie Blackwood without a rebound.
1:10 of 2nd period - Ryan Donato wins face-off versus Clark Bishop in Icehogs zone.
1:11 of 2nd period - Snap shot by Eric Karlsson.
1:11 of 2nd period - Shot Blocked by Patrick Sieloff.
1:35 of 2nd period - Peter Cehlarik is hit by Mikhail Grigorenko and loses puck.
2:00 of 2nd period - J.T. Brown is hit by Barclay Goodrow.
2:12 of 2nd period - Minor Penalty to Jesper Bratt for Tripping.
2:13 of 2nd period - Peter Cehlarik wins face-off versus Andrew Poturalski in Heat zone.
2:59 of 2nd period - Backhand shot by Hudson Fasching.
2:59 of 2nd period - Stopped by Michael Hutchinson with a rebound.
3:15 of 2nd period - Slapshot by Patrick Sieloff.
3:15 of 2nd period - Deflect By Andrew Poturalski.
3:15 of 2nd period - Stopped by Michael Hutchinson with a rebound.
3:17 of 2nd period - Slapshot by Hudson Fasching.
3:17 of 2nd period - Stopped by Michael Hutchinson with a rebound.
3:19 of 2nd period - Snap shot by Mikhail Grigorenko.
3:19 of 2nd period - Shot Misses the Net.
3:21 of 2nd period - Slapshot by Julius Honka.
3:21 of 2nd period - Deflect By Hudson Fasching.
3:21 of 2nd period - Shot Blocked by Barclay Goodrow.
3:21 of 2nd period - Puck is out of play.
3:22 of 2nd period - Peter Cehlarik wins face-off versus Michael Rasmussen in Heat zone.
3:30 of 2nd period - Off-side.
3:31 of 2nd period - Nick Paul wins face-off versus Nico Sturm in neutral zone.
3:42 of 2nd period - Snap shot by J.T. Brown.
3:42 of 2nd period - Stopped by Michael Hutchinson without a rebound.
3:43 of 2nd period - Michael Rasmussen wins face-off versus Peter Cehlarik in Heat zone.
4:12 of 2nd period - Penalty to Jesper Bratt is over, Jesper Bratt is back on ice.
4:21 of 2nd period - Minor Penalty to Maxim Letunov for High sticking.
4:22 of 2nd period - Andrew Poturalski wins face-off versus Nico Sturm in Icehogs zone.
4:58 of 2nd period - Snap shot by Ryan Spooner.
4:58 of 2nd period - Shot Misses the Net.
6:21 of 2nd period - Penalty to Maxim Letunov is over, Maxim Letunov is back on ice.
6:45 of 2nd period - Jeremy Davies is hit by Vladislav Kamenev and loses puck.
7:04 of 2nd period - Snap shot by Eric Karlsson.
7:04 of 2nd period - Deflect By Peter Cehlarik.
7:04 of 2nd period - Shot Misses the Net.
7:04 of 2nd period - Puck is out of play.
7:05 of 2nd period - Andrew Poturalski wins face-off versus Peter Cehlarik in Icehogs zone.
7:26 of 2nd period - Wrist shot by Vitali Kravtsov.
7:26 of 2nd period - Shot Misses the Net.
7:28 of 2nd period - Snap shot by Petteri Lindbohm.
7:28 of 2nd period - Deflect By Tage Thompson.
7:28 of 2nd period - Stopped by Mackenzie Blackwood with a rebound.
7:58 of 2nd period - Wrist shot by Barclay Goodrow.
7:58 of 2nd period - Deflect By Jesper Bratt.
7:58 of 2nd period - Stopped by Mackenzie Blackwood without a rebound.
7:59 of 2nd period - Andrew Poturalski wins face-off versus Nico Sturm in Icehogs zone.
8:08 of 2nd period - Wrist shot by Mikhail Grigorenko.
8:08 of 2nd period - Shot Blocked by Petteri Lindbohm.
8:24 of 2nd period - Ross Johnston is hit by Rasmus Andersson and loses puck.
9:31 of 2nd period - Wrist shot by Evgeny Svechnikov.
9:31 of 2nd period - Shot Misses the Net.
9:33 of 2nd period - Snap shot by Nico Sturm.
9:33 of 2nd period - Stopped by Mackenzie Blackwood without a rebound.
9:34 of 2nd period - Evgeny Svechnikov wins face-off versus Andrew Poturalski in Icehogs zone.
9:35 of 2nd period - Snap shot by Peter Cehlarik.
9:35 of 2nd period - Stopped by Mackenzie Blackwood without a rebound.
9:36 of 2nd period - Nico Sturm wins face-off versus Andrew Poturalski in Icehogs zone.
9:51 of 2nd period - Wrist shot by Rasmus Andersson.
9:51 of 2nd period - Stopped by Mackenzie Blackwood with a rebound.
10:09 of 2nd period - Snap shot by Jesper Bratt.
10:09 of 2nd period - Shot Blocked by Patrick Sieloff.
10:11 of 2nd period - Snap shot by Jesper Bratt.
10:11 of 2nd period - Stopped by Mackenzie Blackwood without a rebound.
10:12 of 2nd period - Ryan Spooner wins face-off versus Andrew Poturalski in Icehogs zone.
10:13 of 2nd period - Slapshot by Jesper Bratt.
10:13 of 2nd period - Shot Blocked by Duncan Siemens.
10:15 of 2nd period - Slapshot by Erik Brannstrom.
10:15 of 2nd period - Stopped by Mackenzie Blackwood with a rebound.
10:17 of 2nd period - Backhand shot by Erik Brannstrom.
10:17 of 2nd period - Deflect By Ryan Spooner.
10:17 of 2nd period - Stopped by Mackenzie Blackwood without a rebound.
10:18 of 2nd period - Andrew Poturalski wins face-off versus Ryan Spooner in Icehogs zone.
11:05 of 2nd period - Wrist shot by Erik Brannstrom.
11:05 of 2nd period - Deflect By Eric Karlsson.
11:05 of 2nd period - Deflect By Kurtis Gabriel.
11:05 of 2nd period - Stopped by Mackenzie Blackwood with a rebound.
11:11 of 2nd period - Wrist shot by Patrick Sieloff.
11:11 of 2nd period - Shot Misses the Net.
11:31 of 2nd period - Wrist shot by Nikita Scherbak.
11:31 of 2nd period - Stopped by Michael Hutchinson with a rebound.
11:33 of 2nd period - Snap shot by Patrick Sieloff.
11:33 of 2nd period - Shot Misses the Net.
12:11 of 2nd period - Snap shot by J.T. Brown.
12:11 of 2nd period - Shot Blocked by Petteri Lindbohm.
12:13 of 2nd period - Slapshot by J.T. Brown.
12:13 of 2nd period - Stopped by Michael Hutchinson without a rebound.
12:14 of 2nd period - Maxim Letunov wins face-off versus Ryan Spooner in Heat zone.
12:15 of 2nd period - Wrist shot by Kurtis Gabriel.
12:15 of 2nd period - Goal by Kurtis Gabriel - Icehogs : 2 - Heat : 3.
12:16 of 2nd period - Andrew Poturalski wins face-off versus Nico Sturm in neutral zone.
13:12 of 2nd period - Snap shot by Kurtis Gabriel.
13:12 of 2nd period - Stopped by Michael Hutchinson without a rebound.
13:13 of 2nd period - Maxim Letunov wins face-off versus Nico Sturm in Heat zone.
13:22 of 2nd period - Snap shot by Calle Andersson.
13:22 of 2nd period - Shot Misses the Net.
13:24 of 2nd period - Snap shot by Maxim Letunov.
13:24 of 2nd period - Shot Misses the Net.
13:26 of 2nd period - Slapshot by Calle Andersson.
13:26 of 2nd period - Shot Misses the Net.
13:28 of 2nd period - Slapshot by Calle Andersson.
13:28 of 2nd period - Deflect By Kurtis Gabriel.
13:28 of 2nd period - Shot Blocked by Nico Sturm.
13:28 of 2nd period - Puck is out of play.
13:29 of 2nd period - Mikhail Grigorenko wins face-off versus Ryan Spooner in Heat zone.
13:56 of 2nd period - Michael Rasmussen is hit by Evgeny Svechnikov and loses puck.
14:16 of 2nd period - Off-side.
14:17 of 2nd period - Ryan Donato wins face-off versus Maxim Letunov in neutral zone.
14:24 of 2nd period - Wrist shot by Rasmus Andersson.
14:24 of 2nd period - Deflect By Maxim Letunov.
14:24 of 2nd period - Stopped by Mackenzie Blackwood with a rebound.
14:26 of 2nd period - Wrist shot by Taylor Raddysh.
14:26 of 2nd period - Deflect By Eric Karlsson.
14:26 of 2nd period - Stopped by Mackenzie Blackwood with a rebound.
14:28 of 2nd period - Snap shot by Eric Karlsson.
14:28 of 2nd period - Deflect By Taylor Raddysh.
14:28 of 2nd period - Stopped by Mackenzie Blackwood with a rebound.
14:30 of 2nd period - Wrist shot by Ryan Donato.
14:30 of 2nd period - Shot Misses the Net.
14:32 of 2nd period - Snap shot by Eric Karlsson.
14:32 of 2nd period - Shot Blocked by Kurtis Gabriel.
14:42 of 2nd period - Nico Sturm is hit by Andrew Poturalski and loses puck.
14:48 of 2nd period - Off-side.
14:49 of 2nd period - Nico Sturm wins face-off versus Andrew Poturalski in neutral zone.
15:16 of 2nd period - Barclay Goodrow is hit by Nick Paul and loses puck.
16:12 of 2nd period - Wrist shot by Ryan Donato.
16:12 of 2nd period - Shot Misses the Net.
16:14 of 2nd period - Backhand shot by Eric Karlsson.
16:14 of 2nd period - Stopped by Mackenzie Blackwood without a rebound.
16:15 of 2nd period - Nico Sturm wins face-off versus Andrew Poturalski in Icehogs zone.
16:42 of 2nd period - Barclay Goodrow is hit by Calle Andersson and loses puck.
17:01 of 2nd period - Slapshot by Calle Andersson.
17:01 of 2nd period - Stopped by Michael Hutchinson with a rebound.
18:08 of 2nd period - Wrist shot by Mikhail Grigorenko.
18:08 of 2nd period - Stopped by Michael Hutchinson without a rebound.
18:09 of 2nd period - Ryan Spooner wins face-off versus Andrew Poturalski in Heat zone.
18:14 of 2nd period - Slapshot by Frank Corrado.
18:14 of 2nd period - Shot Misses the Net.
18:20 of 2nd period - Wrist shot by Jesper Bratt.
18:20 of 2nd period - Shot Misses the Net.
18:28 of 2nd period - Snap shot by Jesper Bratt.
18:28 of 2nd period - Shot Blocked by Andrew Poturalski.
18:34 of 2nd period - Snap shot by Barclay Goodrow.
18:34 of 2nd period - Stopped by Mackenzie Blackwood without a rebound.
18:35 of 2nd period - Nico Sturm wins face-off versus Michael Rasmussen in Icehogs zone.
18:36 of 2nd period - Snap shot by Peter Cehlarik.
18:36 of 2nd period - Shot Misses the Net.
18:44 of 2nd period - Snap shot by Evgeny Svechnikov.
18:44 of 2nd period - Stopped by Mackenzie Blackwood without a rebound.
18:45 of 2nd period - Michael Rasmussen wins face-off versus Nico Sturm in Icehogs zone.
19:00 of 2nd period - Slapshot by J.T. Brown.
19:00 of 2nd period - Stopped by Michael Hutchinson without a rebound.
19:01 of 2nd period - Ryan Spooner wins face-off versus Hudson Fasching in Heat zone.
19:23 of 2nd period - Icing by Patrick Sieloff.
19:24 of 2nd period - Nico Sturm wins face-off versus Michael Rasmussen in Icehogs zone.
Goals for this period are 1 for Icehogs vs 0 for Heat.
Shots for this period are 11 for Icehogs vs 16 for Heat.

3rd period


0:01 of 3rd period - Andrew Poturalski wins face-off versus Nico Sturm in neutral zone.
0:52 of 3rd period - Slapshot by J.T. Brown.
0:52 of 3rd period - Shot Blocked by Ryan Donato.
0:54 of 3rd period - Wrist shot by Duncan Siemens.
0:54 of 3rd period - Shot Blocked by Taylor Raddysh.
1:39 of 3rd period - Off-side.
1:40 of 3rd period - Nico Sturm wins face-off versus Michael Rasmussen in neutral zone.
1:51 of 3rd period - Snap shot by Peter Cehlarik.
1:51 of 3rd period - Shot Blocked by Nick Paul.
1:53 of 3rd period - Wrist shot by Evgeny Svechnikov.
1:53 of 3rd period - Goal by Evgeny Svechnikov - Icehogs : 2 - Heat : 4.
1:54 of 3rd period - Nico Sturm wins face-off versus Andrew Poturalski in neutral zone.
2:44 of 3rd period - Snap shot by Hudson Fasching.
2:44 of 3rd period - Stopped by Michael Hutchinson without a rebound.
2:45 of 3rd period - Nico Sturm wins face-off versus J.T. Brown in Heat zone.
2:50 of 3rd period - Slapshot by J.T. Brown.
2:50 of 3rd period - Shot Blocked by Evgeny Svechnikov.
3:00 of 3rd period - Wrist shot by J.T. Brown.
3:00 of 3rd period - Shot Misses the Net.
3:10 of 3rd period - Petteri Lindbohm is hit by Clark Bishop and loses puck.
3:23 of 3rd period - Slapshot by Jeremy Davies.
3:23 of 3rd period - Stopped by Michael Hutchinson with a rebound.
3:41 of 3rd period - Snap shot by Ryan Spooner.
3:41 of 3rd period - Stopped by Mackenzie Blackwood with a rebound.
3:43 of 3rd period - Slapshot by Ryan Spooner.
3:43 of 3rd period - Stopped by Mackenzie Blackwood with a rebound.
5:11 of 3rd period - Slapshot by Frank Corrado.
5:11 of 3rd period - Shot Misses the Net.
5:13 of 3rd period - Snap shot by Erik Brannstrom.
5:13 of 3rd period - Stopped by Mackenzie Blackwood without a rebound.
5:14 of 3rd period - Michael Rasmussen wins face-off versus Nico Sturm in Icehogs zone.
5:14 of 3rd period - Michael Rasmussen is hit by Peter Cehlarik.
5:46 of 3rd period - Snap shot by Michael Rasmussen.
5:46 of 3rd period - Shot Misses the Net.
6:05 of 3rd period - Off-side.
6:06 of 3rd period - Ryan Spooner wins face-off versus Andrew Poturalski in neutral zone.
6:31 of 3rd period - Eric Karlsson is hit by Kurtis Gabriel and loses puck.
6:38 of 3rd period - Wrist shot by Kurtis Gabriel.
6:38 of 3rd period - Shot Misses the Net.
6:40 of 3rd period - Slapshot by Calle Andersson.
6:40 of 3rd period - Stopped by Michael Hutchinson without a rebound.
6:41 of 3rd period - Andrew Poturalski wins face-off versus Ryan Spooner in Heat zone.
6:48 of 3rd period - Calle Andersson is hit by Ryan Spooner and loses puck.
7:07 of 3rd period - Duncan Siemens is hit by Eric Karlsson and loses puck.
7:26 of 3rd period - Snap shot by Evgeny Svechnikov.
7:26 of 3rd period - Stopped by Mackenzie Blackwood with a rebound.
7:28 of 3rd period - Slapshot by Brandon Hickey.
7:28 of 3rd period - Shot Misses the Net.
7:30 of 3rd period - Slapshot by Christian Jaros.
7:30 of 3rd period - Shot Blocked by Duncan Siemens.
7:36 of 3rd period - Snap shot by Evgeny Svechnikov.
7:36 of 3rd period - Stopped by Mackenzie Blackwood with a rebound.
7:48 of 3rd period - Slapshot by Rasmus Andersson.
7:48 of 3rd period - Deflect By Tage Thompson.
7:48 of 3rd period - Shot Misses the Net.
7:48 of 3rd period - Puck is out of play.
7:49 of 3rd period - Vladislav Kamenev wins face-off versus Clark Bishop in Icehogs zone.
7:53 of 3rd period - Icing by Julius Honka.
7:54 of 3rd period - Evgeny Svechnikov wins face-off versus Clark Bishop in Icehogs zone.
7:57 of 3rd period - Snap shot by Peter Cehlarik.
7:57 of 3rd period - Shot Misses the Net.
7:59 of 3rd period - Snap shot by Brandon Hickey.
7:59 of 3rd period - Shot Blocked by Julius Honka.
8:01 of 3rd period - Slapshot by Brandon Hickey.
8:01 of 3rd period - Stopped by Mackenzie Blackwood without a rebound.
8:02 of 3rd period - Andrew Poturalski wins face-off versus Evgeny Svechnikov in Icehogs zone.
8:07 of 3rd period - Wrist shot by Mikhail Grigorenko.
8:07 of 3rd period - Shot Misses the Net.
8:09 of 3rd period - Wrist shot by Patrick Sieloff.
8:09 of 3rd period - Shot Misses the Net.
8:27 of 3rd period - J.T. Brown is hit by Petteri Lindbohm and loses puck.
9:20 of 3rd period - Mikhail Grigorenko is hit by Vladislav Kamenev and loses puck.
9:31 of 3rd period - Snap shot by Duncan Siemens.
9:31 of 3rd period - Shot Misses the Net.
10:02 of 3rd period - Minor Penalty to Ryan Spooner for Tripping.
10:03 of 3rd period - Andrew Poturalski wins face-off versus Peter Cehlarik in Heat zone.
10:03 of 3rd period - Slapshot by Mikhail Grigorenko.
10:03 of 3rd period - Stopped by Michael Hutchinson with a rebound.
10:05 of 3rd period - Wrist shot by Andrew Poturalski.
10:05 of 3rd period - Goal by Andrew Poturalski - Icehogs : 3 - Heat : 4.
10:06 of 3rd period - Andrew Poturalski wins face-off versus Nico Sturm in neutral zone.
13:14 of 3rd period - Snap shot by Hudson Fasching.
13:14 of 3rd period - Stopped by Michael Hutchinson with a rebound.
13:16 of 3rd period - Slapshot by Calle Andersson.
13:16 of 3rd period - Stopped by Michael Hutchinson without a rebound.
13:17 of 3rd period - Michael Rasmussen wins face-off versus Evgeny Svechnikov in Heat zone.
13:20 of 3rd period - Snap shot by J.T. Brown.
13:20 of 3rd period - Stopped by Michael Hutchinson without a rebound.
13:21 of 3rd period - Nico Sturm wins face-off versus J.T. Brown in Heat zone.
13:44 of 3rd period - Icing by Brandon Hickey.
13:45 of 3rd period - Nico Sturm wins face-off versus Maxim Letunov in Heat zone.
14:10 of 3rd period - Kurtis Gabriel is hit by Peter Cehlarik and loses puck.
14:19 of 3rd period - Evgeny Svechnikov is hit by Maxim Letunov and loses puck.
14:36 of 3rd period - Rasmus Andersson is hit by Duncan Siemens and loses puck.
14:43 of 3rd period - Snap shot by Eric Karlsson.
14:43 of 3rd period - Shot Blocked by Duncan Siemens.
14:45 of 3rd period - Slapshot by Rasmus Andersson.
14:45 of 3rd period - Stopped by Mackenzie Blackwood without a rebound.
14:46 of 3rd period - Mikhail Grigorenko wins face-off versus Ryan Spooner in Icehogs zone.
17:08 of 3rd period - Minor Penalty to Patrick Sieloff for Holding.
17:09 of 3rd period - Nico Sturm wins face-off versus Andrew Poturalski in Icehogs zone.
17:22 of 3rd period - Snap shot by Evgeny Svechnikov.
17:22 of 3rd period - Stopped by Mackenzie Blackwood with a rebound.
17:24 of 3rd period - Snap shot by Evgeny Svechnikov.
17:24 of 3rd period - Shot Blocked by Mikhail Grigorenko.
17:26 of 3rd period - Snap shot by Evgeny Svechnikov.
17:26 of 3rd period - Goal by Evgeny Svechnikov - Icehogs : 3 - Heat : 5.
17:27 of 3rd period - Ryan Donato wins face-off versus Maxim Letunov in neutral zone.
17:40 of 3rd period - Snap shot by Ryan Donato.
17:40 of 3rd period - Shot Misses the Net.
17:42 of 3rd period - Slapshot by Eric Karlsson.
17:42 of 3rd period - Shot Misses the Net.
18:35 of 3rd period - Nick Paul is hit by Barclay Goodrow and loses puck.
18:48 of 3rd period - Snap shot by Erik Brannstrom.
18:48 of 3rd period - Stopped by Mackenzie Blackwood with a rebound.
19:02 of 3rd period - Slapshot by Erik Brannstrom.
19:02 of 3rd period - Stopped by Mackenzie Blackwood with a rebound.
19:04 of 3rd period - Snap shot by Jesper Bratt.
19:04 of 3rd period - Shot Misses the Net.
19:06 of 3rd period - Snap shot by Barclay Goodrow.
19:06 of 3rd period - Deflect By Ryan Spooner.
19:06 of 3rd period - Shot Blocked by J.T. Brown.
19:06 of 3rd period - Puck is out of play.
19:07 of 3rd period - Ryan Donato wins face-off versus Maxim Letunov in Icehogs zone.
19:18 of 3rd period - Snap shot by Eric Karlsson.
19:18 of 3rd period - Shot Misses the Net.
19:20 of 3rd period - Minor Penalty to Ross Johnston for Hooking.
19:21 of 3rd period - Andrew Poturalski wins face-off versus Nico Sturm in Icehogs zone.
19:36 of 3rd period - Andrew Poturalski is hit by Erik Brannstrom and loses puck.
Goals for this period are 1 for Icehogs vs 2 for Heat.
Shots for this period are 8 for Icehogs vs 12 for Heat.